 Dungeon Crawl Stone Soup version 0.23.2 (webtiles) character file.

Game seed: 50538893033241026

7388 Menchi the Fighter (level 11, -3/104 HPs)
             Began as a Ghoul Fighter on Apr 7, 2019.
             Was a Priest of Nemelex Xobeh.
             Slain by a yak (8 damage)
             ... on level 10 of the Dungeon.
             The game lasted 00:36:21 (9787 turns).

Menchi the Fighter (Ghoul Fighter)                  Turns: 9787, Time: 00:36:21

Health: -3/104     AC: 10    Str: 20 (23) XL:     11   Next: 14%
Magic:  10/10      EV: 12    Int:  0 (4)  God:    Nemelex Xobeh [***...]
Gold:   532        SH:  0    Dex:  5 (8)  Spells: 10/10 levels left

rFire    . . .     SeeInvis .   e - staff of summoning (curse)
rCold    + . .     Gourm    .   (no shield)
rNeg     + + +     Faith    .   d - -1 ring mail (curse)
rPois    ∞         Spirit   .   (no helmet)
rElec    .         Reflect  .   u - +0 cloak
rCorr    .         Harm     .   l - +2 pair of gloves
MR       .....                  g - +1 pair of boots
Stlth    +.........             (no amulet)
HPRegen  0.00/turn              t - ring of wizardry
MPRegen  0.12/turn              x - ring of stealth

@: rotting, slowed, lost intelligence, very slow
A: rotting body, claws 1, carnivore, cold resistance 1, negative energy
resistance 3, inhibited regeneration, torment resistance, unbreathing
a: Draw Escape, Draw Destruction, Draw Summoning, Triple Draw, Renounce Religion


You were on level 10 of the Dungeon.
You worshipped Nemelex Xobeh.
Nemelex Xobeh was most pleased with you.
You were not hungry.

You visited 2 branches of the dungeon, and saw 11 of its levels.

You collected 532 gold pieces.

Inventory:

Hand Weapons
 a - a +0 long sword of electrocution
 k - a +3 dagger of venom
Armour
 b - a +0 scale mail
 d - a cursed -1 ring mail (worn)
 g - a +1 pair of boots (worn)
 l - a +2 pair of gloves (worn)
 p - the +1 leather armour of Nuupn {*Drain Dex+8, unknown}
   (You found it on level 9 of the Dungeon)

   It affects your dexterity (+8).
   It causes draining when unequipped.
 q - a +0 troll leather armour
 u - a +0 cloak (worn)
Magical Staves
 e - a cursed staff of summoning (weapon)
Jewellery
 t - a ring of wizardry (left hand)
 x - a ring of stealth (right hand)
Wands
 y - a wand of paralysis (8)
 C - a wand of flame (7)
Scrolls
 h - 4 scrolls of teleportation
 i - 2 scrolls of amnesia
 s - a scroll of blinking
 v - 2 scrolls of torment
 B - a scroll of magic mapping
 E - a scroll of identify
Potions
 c - 3 potions of lignification
 m - a potion of flight
 z - a potion of ambrosia
Comestibles
 f - 16 rations
 j - 3 chunks of flesh


   Skills:
 * Level 11.7 Fighting
 * Level 7.4 Long Blades
 + Level 3.3 Staves
 - Level 2.6 Armour
 * Level 9.1 Dodging
   Level 2.6 Shields


You had 10 spell levels left.
You didn't know any spells.
Your spell library contained the following spells:

 Spells                   Type           Power        Failure   Level  Hunger
 Apportation              Tloc           #.....       43%         1    ##.....
 Corona                   Hex            #......      43%         1    ##.....
 Magic Dart               Conj           #...         43%         1    ##.....
 Summon Butterflies       Summ           #.......     43%         1    ##.....
 Ensorcelled Hibernation  Hex/Ice        #.....       56%         2    ###....
 Searing Ray              Conj           #.....       56%         2    ###....
 Confuse                  Hex            #.......     80%         3    ####...
 Dazzling Spray           Conj/Hex       #.....       80%         3    ####...
 Lesser Beckoning         Tloc           #.........   80%         3    ####...
 Tukima's Dance           Hex            #.......     80%         3    ####...
 Force Lance              Conj/Tloc      #.......     99%         4    #####..
 Fulminant Prism          Conj/Hex       #.........   99%         4    #####..
 Iskenderun's Mystic Bla  Conj           #.......     99%         4    #####..
 Alistair's Intoxication  Tmut/Pois      #.......     100%        5    ######.
 Invisibility             Hex            #.......     100%        6    #######


Dungeon Overview and Level Annotations

Branches:
Dungeon (10/15)            Temple (1/1) D:5            Lair (0/6) D:10
    Orc (0/2) D:10

Altars:
Ashenzari
Dithmenos
Elyvilon
Fedhas
Gozag
Hepliaklqana
Nemelex Xobeh
Sif Muna
Trog
Uskayaw
Vehumet
Xom
Zin
The Shining One

Shops:
D:4 }   D:6 (   D:7 *   D:8 %

Annotations:
D:8 2 transporters
D:9 3 runed translucent doors, wont's ghost, novice DDFi


Innate Abilities, Weirdness & Mutations

Your body is rotting away.
You thrive on raw meat.
You are immune to poison.
You have sharp fingernails.
You are carnivorous and can eat meat at any time.
Your flesh is cold resistant. (rC+)
You are immune to negative energy. (rN+++)
You do not regenerate when monsters are visible.
You are immune to unholy pain and torment.
You can survive without breathing.


Message History

* * * LOW HITPOINT WARNING * * *
The orc complains to no one in particular.
You hit the orc warrior but do no damage.
The orc warrior is moderately wounded.
The orc warrior hits you with a +0 dire flail.
* * * LOW HITPOINT WARNING * * *
You almost manage to decipher the scroll, but fail in this attempt.
The orc warrior hits you but does no damage.
An orc warrior comes into view. It is wielding a +0 trident.
The orc warrior moves out of view.
Your extra speed is starting to run out.
You feel yourself slow down. The orc warrior barely misses you.
The orc warrior hits you with a +0 dire flail!
* * * LOW HITPOINT WARNING * * *
The orc warrior closely misses you. The orc warrior barely misses you.
The yak gores you!
You die...
Your body glows with a rainbow of weird colours and disappears.

#.......#####...................
#####.### ##...........##.....
###.# #.....8.....####### #(Ky#
####.....#### ##)##### ###..##
### #......# #.....# #..
#......# ###.....# #.. #......#
#.Yoo.Y.# #.. #....>.#
#@#.....##### #.. #......#
#.#......O..####.. .......#
#.#.....###o...... #......#
..#.....# ######.. #......#
.##.....# #.. .. #.....# #.. ##
####### #.. ###


You could see 2 yaks and 2 orc warriors.

Vanquished Creatures
  An unseen horror (D:10)
  Maurice (D:9)
  Joseph (D:9)
  3 trolls
  Grum (D:8)
  4 yaks (D:10)
  A porcupine (D:10)
  A floating eye (D:9)
  A black bear (D:9)
  2 phantoms
  3 ice beasts
  2 wolves (D:8)
  4 ogres
  5 centaurs
  A big kobold (D:10)
  3 bullfrogs
  3 scorpions
  13 killer bees
  A howler monkey (D:9)
  2 crimson imps
  3 hounds
  4 orc priests
  A jelly (D:5)
  5 orc wizards
  A bullfrog skeleton (D:7)
  A centaur skeleton (D:4)
  An iguana (D:4)
  4 worker ants
  A hound zombie (D:5)
  A worker ant zombie (D:7)
  9 adders
  2 shadow imps
  2 adder zombies
  2 adder skeletons
  3 dart slugs
  8 leopard geckos
  28 orcs
  9 giant cockroaches
  7 goblins
  14 hobgoblins
  7 jackals
  9 kobolds
  4 quokkas
  A ball python (D:2)
  13 bats
  7 frilled lizards
  A jackal zombie (D:5)
  5 rats
206 creatures vanquished.

Vanquished Creatures (collateral kills)
  Erolcha (D:9)
  A centaur warrior (D:8)
  A yak (D:8)
  A vampire mosquito (D:8)
  An orc warrior (D:10)
  A centaur (D:10)
  A wight (D:8)
  5 killer bees (D:10)
  2 crimson imps (D:8)
  A bullfrog zombie (D:8)
  2 orcs
17 creatures vanquished.

Vanquished Creatures (others)
  A wolf (D:8)
  An adder zombie (D:7)
  A ball lightning (D:10)
  An orc (D:7)
  2 plants (D:9)
6 creatures vanquished.

Grand Total: 229 creatures vanquished

Notes
Turn   | Place    | Note
-------+----------+-------------------------------------------
     0 | D:1      | Menchi the Ghoul Fighter began the quest for the Orb.
     0 | D:1      | Reached XP level 1. HP: 19/19 MP: 0/0
   210 | D:1      | Reached XP level 2. HP: 22/26 MP: 1/1
   592 | D:1      | Reached XP level 3. HP: 33/33 MP: 2/2
   926 | D:2      | Reached skill level 1 in Dodging
   959 | D:2      | Found a blossoming altar of Fedhas.
  1100 | D:2      | Reached skill level 4 in Fighting
  1349 | D:2      | Reached XP level 4. HP: 37/40 MP: 3/3
  1494 | D:2      | Found a faded altar of an unknown god.
  2049 | D:3      | Reached XP level 5. HP: 32/46 MP: 4/4
  2742 | D:4      | Reached XP level 6. HP: 51/53 MP: 5/5
  2773 | D:4      | Found Ilis's Gadget Boutique.
  2854 | D:4      | Reached skill level 5 in Fighting
  3226 | D:4      | Reached XP level 7. HP: 43/61 MP: 6/6
  3282 | D:5      | Entered Level 5 of the Dungeon
  3374 | D:5      | Reached skill level 5 in Long Blades
  3525 | D:5      | Reached skill level 6 in Fighting
  3525 | D:5      | Reached XP level 8. HP: 43/70 MP: 7/7
  3595 | D:5      | Found a staircase to the Ecumenical Temple.
  3609 | Temple   | Entered the Ecumenical Temple
  3617 | Temple   | Became a worshipper of Nemelex Xobeh the Trickster
  3725 | D:5      | Received a gift from Nemelex Xobeh
  4525 | D:6      | Found a white marble altar of Elyvilon.
  4549 | D:6      | Reached * piety under Nemelex Xobeh
  5011 | D:6      | Found Latuj's Antique Weapon Emporium.
  5422 | D:7      | Reached ** piety under Nemelex Xobeh
  5481 | D:7      | Reached skill level 7 in Fighting
  5542 | D:7      | Found Luobellu's Assorted Antiques.
  5709 | D:7      | Reached skill level 5 in Dodging
  5901 | D:7      | You fall through a shaft for 2 floors!
  5925 | D:8      | Noticed Grum
  5928 | D:8      | Reached XP level 9. HP: 70/80 MP: 8/8
  5930 | D:8      | Reached skill level 8 in Fighting
  5935 | D:8      | Killed Grum
  5981 | D:8      | Found a transporter.
  5981 | D:8      | Found a transporter.
  5991 | D:8      | Found a transporter.
  6477 | D:8      | Noticed a centaur warrior
  6480 | D:8      | Found Voerhaomp's Food Boutique.
  6570 | D:8      | Found a transporter.
  6571 | D:8      | Found a transporter.
  6582 | D:8      | Reached *** piety under Nemelex Xobeh
  6582 | D:8      | Received a gift from Nemelex Xobeh
  7026 | D:8      | Killed a centaur warrior
  7026 | D:8      | Reached skill level 9 in Fighting
  7290 | D:9      | Noticed a troll
  7295 | D:9      | Killed a troll
  7295 | D:9      | Reached skill level 10 in Fighting
  7494 | D:9      | Noticed Harold
  7511 | D:9      | Noticed Harold
  7511 | D:9      | Harold changed into Harold the floating eye
  7515 | D:9      | Paralysed by Harold for 3 turns
  7519 | D:9      | Killed Harold the floating eye
  7519 | D:9      | Reached XP level 10. HP: 86/93 MP: 9/9
  7530 | D:9      | Found a runed translucent gate.
  7531 | D:9      | Found a runed translucent gate.
  7532 | D:9      | Found a runed translucent gate.
  7533 | D:9      | Noticed wont's ghost (novice DDFi)
  7536 | D:9      | Noticed Maurice
  7542 | D:9      | Killed Maurice
  7577 | D:9      | Noticed Joseph
  7584 | D:9      | Killed Joseph
  7612 | D:9      | Reached skill level 1 in Staves
  7705 | D:9      | Noticed Erolcha
  7726 | D:9      | Killed Erolcha
  7726 | D:9      | Reached skill level 11 in Fighting
  7769 | D:9      | Found a deep blue altar of Sif Muna.
  7775 | D:9      | Found a shimmering altar of Xom.
  7787 | D:9      | Noticed an 11-headed hydra
  8075 | D:9      | Got a slimy leather armour
  8409 | D:9      | Received a gift from Nemelex Xobeh
  8465 | D:10     | Entered Level 10 of the Dungeon
  8548 | D:10     | Found a staircase to the Orcish Mines.
  9024 | D:10     | Killed an unseen horror
  9380 | D:10     | Found a staircase to the Lair.
  9429 | D:10     | Noticed a white ugly thing
  9688 | D:10     | Reached XP level 11. HP: 81/102 MP: 10/10
  9740 | D:10     | Lost intelligence.
  9781 | D:10     | HP: 5/104 [orc warrior/+0 dire flail (9)]
  9787 | D:10     | Slain by a yak

Skill      XL: |  1  2  3  4  5  6  7  8  9 10 11 |
---------------+----------------------------------+-----
Long Blades    | 2 3 4 5 6 7 |  7.4
Dodging        | 1 2 3 4 5 7 8 9 |  9.1
Fighting       | 4 5 6 7 10 11 | 11.7
Staves         | 3 |  3.3
Armour         | |  2.6
Shields        | |  2.6

Action                   |  1- 3 |  4- 6 |  7- 9 | 10-12 || total
-------------------------+-------+-------+-------+-------++-------
Melee: Long sword        |    87 |       |       |       ||    87
       Dagger            |    52 |   200 |   343 |       ||   595
       Staff             |       |       |    33 |   351 ||   384
 Abil: Draw Destruction  |       |       |     4 |     6 ||    10
       Draw Summoning    |       |       |     4 |     2 ||     6
Evoke: Wand              |       |       |    34 |    35 ||    69
  Use: Scroll            |       |     4 |     9 |     2 ||    15
       Potion            |       |       |     4 |     9 ||    13
 Stab: Paralysed         |       |       |     6 |     4 ||    10
  Eat: Chunk             |     8 |    10 |    29 |    24 ||    71
Armor: Scale mail        |   113 |    80 |   134 |       ||   327
       Ring mail         |       |       |    13 |   159 ||   172
Dodge: Dodged            |    81 |    77 |   205 |   340 ||   703
       Rpst.: Long sword |    14 |       |       |       ||    14
